AoeStats
← thedude975

Arena

507498534Analyzed
3v3 RM · 12d ago on Sep 18, 2026· 40m 49s· 6 players
Game mode
Random Map
Map size
Normal (6 player)
Population
200
Speed
Normal
Resources
Standard
Victory
Conquest
Starting age
Dark Age
Ending age
Imperial Age
RankedLock teamsTeams togetherTeam positionsShared explorationLock speedFull tech treeHidden civsTurbo modeCheats
Victory
Defeat
🇦🇷 Spanish · Argentina
1418
+4
🇻🇳 Bengalis · Vietnam
1320
+6
🇨🇳 Britons · China
1222
+7
🇩🇪 Franks · Germany
1101
-7
🇩🇪 Spanish · Germany
1072
-6
🇩🇪 Maya · Germany
991
-4
绵绵
10:42 Feudal Age
14:17 Castle Age
12:34 Double-Bit Axe
12:30 Horse Collar
21:38 Town Watch
21:40 Loom
23:12 Wheelbarrow
23:23 Gold Mining
23:37 Heavy Plow
23:56 Bow Saw
28:18 Imperial Age
25:53 Fletching
26:40 Hand Cart
27:14 Bodkin Arrow
26:42 Pikeman
27:26 Gold Mining
27:26 Stone Mining
27:58 Scale Mail Armor
28:55 Chain Mail Armor
28:43 Squires
29:22 Yeomen
29:29 Conscription
29:40 Guilds
30:55 Chemistry
29:51 Halberdier
31:35 Plate Mail Armor
31:33 Bracer
32:40 Gold Shaft Mining
32:12 Gambesons
32:13 Arson
32:44 Forging
32:36 Padded Archer Armor
32:50 Forging
33:32 Warwolf
33:46 Siege Engineers
34:02 Ballistics
35:35 Two-Man Saw
35:27 Iron Casting
34:53 Padded Archer Armor
35:15 Fortified Wall
34:44 Elite Longbowman
36:55 Hoardings
37:16 Masonry
38:08 Blast Furnace
37:09 Padded Archer Armor
38:28 Architecture
39:44 Leather Archer Armor
39:11 Treadmill Crane
39:22 Heated Shot
39:28 Murder Holes
39:24 Guard Tower
39:20 Arrowslits
39:59 Sappers
Cuong Boss
8:48 Feudal Age
10:09 Loom
15:18 Castle Age
14:00 Double-Bit Axe
16:53 Horse Collar
17:36 Heavy Plow
24:17 Wheelbarrow
25:26 Hand Cart
30:15 Imperial Age
27:31 Treadmill Crane
27:55 Fletching
28:24 Town Watch
28:35 Bodkin Arrow
29:27 Gold Mining
29:28 Stone Mining
30:30 Forging
31:08 Gold Shaft Mining
31:32 Ballistics
31:13 Bracer
32:14 Iron Casting
32:07 Bloodlines
31:57 Husbandry
32:38 Sanctity
32:28 Fervor
32:32 Scale Barding Armor
32:07 Elite Battle Elephant
33:36 Crop Rotation
33:17 Bow Saw
32:51 Siege Elephant
34:16 Conscription
34:03 Paiks
34:51 Chain Barding Armor
35:37 Two-Man Saw
35:36 Mahayana
36:33 Blast Furnace
38:41 Plate Barding Armor
38:06 Padded Archer Armor
38:14 Caravan
39:50 Guilds
40:10 Coinage
39:21 Elite Elephant Archer
39:26 Elite Ratha (Ranged)
41:31 Leather Archer Armor
40:39 Elite Elephant Archer
gjizhijian6866
10:54 Feudal Age
14:43 Castle Age
12:46 Double-Bit Axe
13:23 Horse Collar
18:03 Bow Saw
18:11 Loom
22:51 Wheelbarrow
23:17 Husbandry
24:47 Bloodlines
25:09 Padded Archer Armor
25:58 Ballistics
26:21 Leather Archer Armor
31:46 Imperial Age
30:01 Fervor
30:13 Hand Cart
30:31 Scale Barding Armor
31:41 Forging
32:11 Fortified Wall
33:05 Chain Barding Armor
32:15 Cavalier
33:37 Conscription
33:48 Paladin
35:34 Plate Barding Armor
36:19 Iron Casting
35:56 Gold Mining
39:03 Chemistry
41:19 Blast Furnace
40:51 Ring Archer Armor
Schlaffe Biene
10:39 Feudal Age
14:48 Castle Age
13:17 Double-Bit Axe
21:46 Elite Skirmisher
25:48 Bow Saw
29:19 Ballistics
29:03 Murder Holes
29:21 Loom
30:14 Wheelbarrow
33:23 Imperial Age
30:37 Horse Collar
30:55 Stone Mining
30:56 Gold Mining
32:07 Thumb Ring
32:55 Hul'che Javelineers
33:48 Fletching
34:00 Padded Archer Armor
34:30 Hand Cart
34:01 Town Watch
35:15 Eagle Warrior
37:07 Bodkin Arrow
37:29 Leather Archer Armor
36:39 Pikeman
37:58 Halberdier
thedude975
11:17 Feudal Age
14:58 Castle Age
14:39 Double-Bit Axe
14:36 Horse Collar
14:50 Gold Mining
15:37 Loom
18:12 Bow Saw
23:22 Wheelbarrow
23:48 Heavy Plow
23:30 Elite Skirmisher
25:01 Padded Archer Armor
24:52 Fletching
26:16 Leather Archer Armor
27:21 Bodkin Arrow
28:07 Thumb Ring
29:04 Ballistics
30:41 Hand Cart
30:45 Masonry
35:36 Imperial Age
34:46 Stone Mining
35:43 Pikeman
36:24 Squires
37:04 Bracer
37:35 Ring Archer Armor
38:39 Chemistry
38:09 Architecture
38:13 Supremacy
Mac´nMax
10:20 Feudal Age
15:51 Castle Age
17:03 Loom
18:59 Wheelbarrow
18:09 Town Watch
20:17 Double-Bit Axe
24:25 Scale Barding Armor
24:40 Hand Cart
30:47 Fletching
30:56 Light Cavalry
35:01 Imperial Age
32:54 Chain Barding Armor
36:22 Bow Saw
36:10 Bodkin Arrow
36:15 Padded Archer Armor
36:52 Plate Barding Armor
36:31 Husbandry
37:24 Forging
Connection lost

Rejoining the realm…

Still unreachable

The connection could not be restored.

Session expired

The server has moved on; the page needs a fresh start.